Map: 2000 Atmospheres LE

Players

IdSwoleMster

  • Race: Zerg Zerg
  • League: Master

Grenrinok - Winner!

  • Race: Zerg Zerg

VOD

Have the link to the VOD?

Description

Time

  • Played on: April 19, 2021, 3:35 p.m.
  • Length: 8:35
Show
View Real Time Build Order
Export as new Build Order

IdSwoleMster Zerg 

Build Orders: Hatch First 

Get SALT Encoding   

  12  0:00  Drone  
  13  0:12  Overlord  
  13  0:18  Drone  
  14  0:34  Drone x2  
  16  0:51  Hatchery  
  16  0:52  Drone  
  16  0:56  Drone  
  17  1:00  Drone  
  18  1:14  Extractor  
  18  1:15  Spawning Pool  
  18  1:18  Drone  
  17  1:22  Drone  
  18  1:30  Drone  
  20  1:40  Drone  
  20  1:49  Drone  
  21  2:07  Queen x2  
  21  2:08  Zergling x4  
  27  2:15  Metabolic Boost  
  27  2:19  Drone  
  27  2:20  Overlord  
  28  2:40  Hatchery  
  27  2:48  Queen  
  29  2:53  Drone x3  
  29  2:54  Drone  
  33  3:13  Zergling x2  
  33  3:14  Zergling x4, Baneling Nest  
  33  3:16  Overlord  
  35  3:34  Overlord  
  35  3:36  Zergling x2, Drone  
  35  3:37  Zergling x10  
  42  3:47  Zergling x4  
  42  4:03  Zergling x12  
  42  4:04  Zergling x6  
  48  4:19  Roach Warren  
  47  4:33  Evolution Chamber  
  47  4:34  Overlord  
  47  4:36  Drone  
  47  4:37  Drone x9  
  56  4:44  Queen  
  53  5:04  Drone x6  
  58  5:10  Lair  
  58  5:14  Drone  
  58  5:15  Extractor, Drone x2  
  58  5:20  Overlord  
  60  5:25  Drone  
  56  5:29  Roach x4  
  64  5:38  Spine Crawler  
  64  5:39  Spine Crawler  
  64  5:40  Drone x5  
  67  5:45  Roach x3  
  68  6:01  Spine Crawler  
  68  6:03  Spine Crawler, Roach x5  
  73  6:06  Overlord  
  73  6:12  Spine Crawler  
  49  6:34  Zergling x2  
  49  6:35  Zergling x16  
  47  6:42  Drone  
  47  6:43  Drone x2  
  50  6:47  Zergling x2  
  50  6:48  Zergling x2  
  41  7:12  Zergling x2  
  41  7:13  Zergling x6  
  45  7:17  Roach Warren  
  45  7:21  Drone  
  45  7:22  Drone x4  
  46  7:29  Drone x3  
  47  7:44  Drone x2  
  47  7:47  Queen  
  51  7:58  Roach  
  51  7:59  Roach x2  
  55  8:09  Roach  
  55  8:10  Roach  
Show
View Real Time Build Order
Export as new Build Order

Grenrinok Zerg - Winner!

Build Orders: Hatch First 

Get SALT Encoding   

  12  0:02  Drone  
  13  0:13  Overlord  
  13  0:18  Drone  
  14  0:33  Drone x2  
  16  0:48  Hatchery  
  15  0:53  Drone  
  15  0:55  Drone  
  17  1:01  Extractor, Drone  
  17  1:17  Spawning Pool  
  16  1:19  Drone  
  16  1:23  Drone  
  18  1:29  Drone  
  19  1:41  Drone  
  20  1:53  Drone  
  21  2:00  Overlord  
  21  2:06  Queen x2  
  21  2:08  Zergling x2  
  26  2:11  Zergling x2  
  27  2:24  Drone x3  
  30  2:31  Extractor  
  30  2:33  Drone  
  30  2:36  Overlord  
  30  2:51  Drone  
  31  2:59  Roach Warren  
  31  3:02  Evolution Chamber  
  28  3:07  Evolution Chamber  
  28  3:10  Drone x5  
  28  3:12  Lair  
  31  3:17  Drone x2  
  31  3:19  Drone  
  34  3:22  Drone  
  36  3:33  Overlord  
  36  3:35  Zerg Missile Weapons Level 1  
  36  3:41  Extractor  
  36  3:42  Roach x3  
  41  3:50  Overlord  
  41  3:51  Overlord  
  41  4:00  Roach  
  41  4:01  Roach  
  45  4:12  Glial Reconstitution  
  45  4:13  Roach  
  45  4:14  Roach  
  49  4:19  Overlord  
  49  4:24  Roach  
  51  4:34  Roach x2  
  55  4:41  Roach  
  57  4:50  Spine Crawler  
  57  4:51  Spine Crawler  
  55  4:54  Roach  
  55  4:55  Roach x2  
  55  4:56  Queen  
  55  5:04  Roach x3  
  57  5:14  Roach x3  
  63  5:26  Roach x2  
  67  5:38  Overlord  
  67  5:39  Overlord  
  67  5:42  Zerg Missile Weapons Level 2  
  67  5:58  Roach x6  
  79  6:14  Roach x3  
  77  6:32  Roach x4  
  83  6:33  Roach x2  
  67  6:51  Roach x3  
  69  7:02  Roach x2  
  65  7:09  Roach  
  65  7:10  Roach x6  
  77  7:16  Roach  
  79  7:24  Roach  
  81  7:43  Roach  
  83  7:45  Overlord x3  
  77  8:14  Roach x3  
  77  8:15  Roach x9  
Tags
 
Add a new tag
Caveats
  • Supply blocks, unpowered buildings, or Contaminate may cause inaccurate times.
  • Supply counts are checked every 10 seconds.